 Dungeon Crawl Stone Soup version 0.30-b1-2-g02819fbbbe (webtiles) character file.

Game seed: 11013380975574174207

(classic levelgen) 15872 EnegeticOcto the Cleaver (level 12, -5/110 HPs)
             Began as a Minotaur Fighter on May 21, 2023.
             Was an Initiate of Gozag.
             Slain by Urug
             ... wielding a +1 battleaxe of venom
              (9 damage)
             ... on level 2 of the Orcish Mines.
             The game lasted 00:06:54 (11968 turns).

EnegeticOcto the Cleaver (Minotaur Fighter)        Turns: 11968, Time: 00:06:55

Health: -5/110     AC: 20    Str: 26    XL:     12   Next: 5%
Magic:  1/11       EV:  7    Int:  5    God:    Gozag
Gold:   1389       SH: 11    Dex: 10    Spells: 11/11 levels left

rFire   + . .        a - +0 war axe (flame)
rCold   . . .        i - +0 buckler of Qimas {rF+}
rNeg    . . .        t - +0 plate armour
rPois   .            (helmet restricted)
rElec   .            f - +0 cloak
rCorr   .            u - +1 pair of gloves {infuse}
SInv    .            v - +0 pair of boots
Will    .....        q - amulet of reflection Stlth
                     (no ring)
HPRegen 0.38/turn    (no ring)
MPRegen 0.12/turn

%: reflection, infuse magic (1 MP)
@: mighty, brilliant, lethally poisoned (-5 -> -34), gold aura
A: horns 2, retaliatory headbutt
a: Renounce Religion, Potion Petition, Call Merchant, Bribe Branch


You were on level 2 of the Orcish Mines.
You worshipped Gozag.
Gozag was most pleased with you.
You visited 3 branches of the dungeon, and saw 13 of its levels.

You collected 2359 gold pieces.
You spent 609 gold pieces at shops.
You paid 361 gold pieces to Gozag.

Inventory:

Hand Weapons
 a - a +0 war axe of flaming (weapon)
Armour
 b - a +0 scale mail
 c - a +0 buckler
 f - a +0 cloak (worn)
   (You found it on level 2 of the Dungeon)
 i - the +0 buckler of Qimas (worn) {rF+}
   (You found it on level 7 of the Dungeon)

   rF:        It protects you from fire.
 p - a +0 buckler of cold resistance
   (You found it on level 4 of the Dungeon)
 t - a +0 plate armour (worn)
   (You took it off an orc warrior on level 5 of the Dungeon)
 u - a +1 pair of gloves of infusion (worn)
   (You bought it in a shop on level 3 of the Dungeon)
 v - a +0 pair of boots (worn)
   (You found it on level 9 of the Dungeon)
Jewellery
 q - an amulet of reflection (around neck)
   (You found it on level 5 of the Dungeon)
 w - a ring of poison resistance
   (You found it on level 9 of the Dungeon)
 y - a ring of flight
   (You found it on level 10 of the Dungeon)
Wands
 j - a wand of polymorph (16)
   (You found it on level 6 of the Dungeon)
 A - a wand of light (5) {@v1}
   (You took it off an orc priest on level 10 of the Dungeon)
 B - a wand of flame (12) {@v4}
   (You found it on level 10 of the Dungeon)
Scrolls
 h - 2 scrolls of blinking {@r4}
 n - 7 scrolls of teleportation {@r3}
 o - a scroll of summoning
 x - a scroll of brand weapon
Potions
 d - 3 potions of might {@q3}
 e - 4 potions of lignification
 g - 2 potions of resistance {@q5}
 k - 4 potions of mutation
 l - 3 potions of heal wounds {@q2}
 m - 2 potions of haste {unknown}
 r - a potion of curing {unknown}
 s - 3 potions of brilliance {unknown}
 z - 2 potions of flight {unknown}


   Skills:
 + Level 11.3 Fighting
 * Level 14.9 Axes
 + Level 11.2 Armour
 + Level 11.2 Shields


You had 11 spell levels left.
You didn't know any spells.
Your spell library was empty.

Dungeon Overview and Level Annotations

Branches:
Dungeon (10/15)            Temple (1/1) D:4            Lair (0/5) D:8
    Orc (2/2) D:10            Elf (0/3) Orc:2

Altars:
Ashenzari
Cheibriados
Dithmenos
Elyvilon
Fedhas
Gozag
Hepliaklqana
Kikubaaqudgha
Makhleb
Nemelex Xobeh
Okawaru
Qazlal
Ru
Sif Muna
Trog
Uskayaw
Vehumet
Wu Jian
Xom
Yredelemnul
Zin
The Shining One

Shops:
D:3 [*(   Orc:1 *[[

Annotations:
D:7 2 transporters, dakkaduck's ghost, novice MiBe
Orc:2 3 runed translucent doors, 3 exclusions, Tinen's ghost, journeyman TrMo; Urug


Innate Abilities, Weirdness & Mutations

You have a pair of horns on your head.
You reflexively headbutt those who attack you in melee.


Message History

The warg bites you.
You barely miss the warg.
The warg is severely wounded.
You block the warg's attack.
You hit the warg. You burn the warg.
The warg is almost dead.
You block the warg's attack.
You slash the warg! You burn the warg.
You kill the warg!
You hit the orc. You burn the orc.
You kill the orc!
You barely miss the orc wizard. Your headbutt misses the orc wizard.
You barely miss the orc wizard. You headbutt the orc wizard!
The orc wizard is severely wounded.
Urug throws a silver javelin.
The silver javelin barely misses you.
You slash the orc wizard! You burn the orc wizard.
You kill the orc wizard!
You barely miss the orc priest.
The orc priest calls down the wrath of Beogh upon you.
You resist with significant effort.
You hit the orc priest. You burn the orc priest.
Your headbutt misses the orc priest.
The orc priest is heavily wounded.
You barely miss the orc priest.
You headbutt the orc priest, but do no damage.
The orc priest is heavily wounded.
You slash Urug! You burn Urug. You slash the orc priest!
You burn the orc priest.
You kill the orc priest!
You closely miss Urug.
Urug hits you with a +1 battleaxe of venom!
You are poisoned.
You slice Urug!! You burn Urug! Your headbutt misses Urug.
Urug is severely wounded.
You feel very sick. You block Urug's attack.
You slash Urug! You burn Urug.
Urug is almost dead.
You feel very sick.
Urug is distracted by your dazzling golden aura.
You closely miss Urug.
Urug is no longer distracted by gold.
Urug shouts!
You headbutt Urug.
Urug is almost dead.
You feel very sick.
You hit Urug. You burn Urug. Your headbutt misses Urug.
Urug is almost dead.
You feel sick.
Urug hits you with a +1 battleaxe of venom!
You hit Urug but do no damage.
Urug is almost dead.
You feel sick. Urug barely misses you.
You hit Urug but do no damage.
Urug is almost dead.
You feel sick.
Urug hits you with a +1 battleaxe of venom!!
You are more poisoned.
You are too injured to fight recklessly!
You are too injured to fight recklessly!
You are too injured to fight recklessly!
You are too injured to fight recklessly!
You closely miss Urug.
Urug is almost dead.
You feel very sick.
Urug hits you with a +1 battleaxe of venom.
* * * LOW HITPOINT WARNING * * *
You are lethally poisoned!
Okay, then.
It was a potion of heal wounds.
You feel much better.
* * * LOW HITPOINT WARNING * * *
You feel extremely sick. You block Urug's attack.
Okay, then.
You barely miss Urug.
Urug is almost dead.
You feel very sick.
You barely miss Urug. You headbutt Urug, but do no damage.
Urug is almost dead.
You feel very sick.
Urug hits you with a +1 battleaxe of venom!
* * * LOW HITPOINT WARNING * * *
You are more poisoned.
Okay, then.
You feel much better.
* * * LOW HITPOINT WARNING * * *
You feel extremely sick.
Urug hits you with a +1 battleaxe of venom!
* * * LOW HITPOINT WARNING * * *
You are more poisoned.
Okay, then. [a] - 500 gold - haste and resistance [b] - 224 gold - might and brilliance [c] - 300 gold - brilliance and magic Purchase which effect?
You feel very mighty all of a sudden.
You feel clever all of a sudden.
* * * LOW HITPOINT WARNING * * *
You feel extremely sick.
Urug hits you with a +1 battleaxe of venom!
You die...
Your body crumbles into a pile of gold.

.....###....)##.##
##....#
.....####..))....#
##...#
......#.........##
#...
............).###
....
...........#...##
#....
#........####...##
#8... #.........#
##)..# ..........#
##.## #.#.#......#
#.$@#
##...#.##.###.#o##
##.##.
###...$..o8... ##
## ##.....ooo..
##....h....
##........
.....8...
...#####. ....


You could see Urug.

Vanquished Creatures
  Snorg (D:10)
  3 two-headed ogres
  An orc high priest (Orc:2)
  An orc sorcerer (Orc:2)
  2 cyclopes
  A manticore (D:10)
  3 gargoyles
  A komodo dragon (D:8)
  Maggie (D:6)
  3 hornets
  A troll (Orc:1)
  4 slime creatures (D:10)
  10 yaks
  2 wraiths (D:10)
  3 steam dragons
  3 vampire mosquitoes (D:10)
  A warg (Orc:2)
  18 orc warriors
  3 black bears
  2 sky beasts (D:6)
  6 ogres
  An ice beast (D:7)
  3 centaurs
  2 phantoms (D:7)
  2 kobold brigands
  6 bullfrogs
  A gnoll sergeant (D:10)
  5 scorpions
  6 killer bees (D:9)
  An electric eel (D:6)
  4 howler monkeys
  3 hounds
  A jelly (D:7)
  19 orc priests
  4 iguanas
  12 orc wizards
  12 adders
  A shadow imp (D:6)
  An ufetubus (D:5)
  3 worms
  10 dart slugs (D:5)
  54 orcs
  3 ball pythons
  4 endoplasms
  3 giant cockroaches
  9 goblins
  8 hobgoblins
  6 jackals
  3 quokkas
  5 bats
  A frilled lizard (D:3)
  14 kobolds
  A rat (D:2)
278 creatures vanquished.

Vanquished Creatures (others)
  43 plants
43 creatures vanquished.

Grand Total: 321 creatures vanquished

Notes
Turn   | Place    | Note
-------+----------+-------------------------------------------
     0 | D:1      | EnegeticOcto the Minotaur Fighter began the quest for the
                  | Orb.
     0 | D:1      | Reached XP level 1. HP: 19/19 MP: 0/0
    50 | D:1      | Reached XP level 2. HP: 21/27 MP: 1/1
   163 | D:1      | Reached skill level 3 in Axes
   273 | D:2      | Reached XP level 3. HP: 17/33 MP: 2/2
   451 | D:2      | Reached skill level 4 in Axes
   451 | D:2      | Reached XP level 4. HP: 24/40 MP: 3/3
   608 | D:2      | Found a basalt altar of Yredelemnul.
   821 | D:3      | Found Zeag's Assorted Antiques.
   827 | D:3      | Bought a scroll labelled JEGODIAM OVVEARR for 22 gold
                  | pieces
   827 | D:3      | Bought a scroll labelled FEASHU FUMIZUV for 22 gold pieces
   916 | D:3      | Found Meforris's Weapon Shoppe.
  1018 | D:3      | Found Sepn's Antique Armour Shoppe.
  1148 | D:3      | Found Yluimiu's Antique Armour Shop.
  1249 | D:3      | Found a glowing golden altar of the Shining One.
  1586 | D:4      | Reached XP level 5. HP: 26/47 MP: 4/4
  1602 | D:4      | Reached skill level 5 in Axes
  1605 | D:4      | Reached XP level 6. HP: 34/55 MP: 5/5
  1627 | D:4      | Reached skill level 5 in Fighting
  1627 | D:4      | Reached skill level 5 in Armour
  1627 | D:4      | Reached skill level 5 in Shields
  1769 | D:4      | You fall into a shaft and drop 3 floors!
  1874 | D:7      | Found a transporter.
  1877 | D:7      | Found a bloodstained altar of Trog.
  1884 | D:7      | Found a transporter.
  1885 | D:7      | Noticed dakkaduck's ghost (novice MiBe)
  1885 | D:7      | Noticed a two-headed ogre
  1897 | D:7      | Noticed an orc warrior
  1898 | D:7      | Noticed an orc warrior
  1899 | D:7      | Noticed a moth of wrath
  1972 | D:7      | Noticed an orc warrior
  1984 | D:7      | Reached skill level 6 in Axes
  1984 | D:7      | Reached XP level 7. HP: 42/61 MP: 6/6
  2204 | D:7      | Identified the +0 buckler of Qimas {rF+}
  2303 | D:7      | Reached skill level 7 in Axes
  2584 | D:6      | Reached XP level 8. HP: 63/70 MP: 7/7
  2604 | D:5      | Entered Level 5 of the Dungeon
  2722 | D:4      | Reached skill level 8 in Axes
  2892 | D:4      | Found a broken altar of Ashenzari.
  2990 | D:4      | Found a stormy altar of Qazlal.
  3127 | D:4      | Found a staircase to the Ecumenical Temple.
  3147 | D:4      | Found a snail-covered altar of Cheibriados.
  3349 | Temple   | Entered the Ecumenical Temple
  3376 | Temple   | Became a worshipper of Gozag Ym Sagoz the Greedy
  3908 | D:5      | Identified the +10 short sword of the Avant Garde God
                  | {venom, Will+ Stlth+}
  4085 | D:5      | Reached skill level 9 in Axes
  4216 | D:3      | Bought a pair of glowing gloves for 172 gold pieces
  4505 | D:5      | Reached XP level 9. HP: 79/79 MP: 3/8
  4701 | D:6      | Found a shimmering blue altar of Sif Muna.
  4702 | D:6      | Found an ornate altar of the Wu Jian Council.
  4702 | D:6      | Noticed a cyclops
  4712 | D:6      | Killed a cyclops
  4841 | D:6      | Found a shimmering altar of Xom.
  4979 | D:6      | Reached skill level 10 in Axes
  5028 | D:6      | Noticed Maggie
  5036 | D:6      | Killed Maggie
  5328 | D:6      | Found a white marble altar of Elyvilon.
  5674 | D:7      | Found an ancient bone altar of Kikubaaqudgha.
  6197 | D:8      | Reached skill level 11 in Axes
  6204 | D:8      | Reached XP level 10. HP: 68/90 MP: 0/9
  6887 | D:8      | Noticed a two-headed ogre
  6894 | D:8      | Killed a two-headed ogre
  7002 | D:8      | Found a staircase to the Lair.
  7429 | D:9      | Reached skill level 12 in Axes
  7448 | D:9      | Found a shadowy altar of Dithmenos.
  7685 | D:9      | Noticed a gargoyle
  7704 | D:9      | Killed a gargoyle
  8101 | D:9      | Noticed a gargoyle
  8109 | D:9      | Killed a gargoyle
  8147 | D:9      | Found a hazy altar of Hepliaklqana.
  8154 | D:9      | Found a faded altar of an unknown god.
  8231 | D:9      | Reached XP level 11. HP: 85/99 MP: 4/10
  8319 | D:9      | Found a bloodstained altar of Trog.
  8329 | D:9      | Found a sacrificial altar of Ru.
  8526 | D:3      | Bought an embroidered scarf for 184 gold pieces
  8527 | D:3      | Bought a runed scarf for 184 gold pieces
  8728 | D:10     | Entered Level 10 of the Dungeon
  8800 | D:10     | Reached skill level 13 in Axes
  8814 | D:10     | Reached skill level 10 in Fighting
  8904 | D:10     | Reached skill level 10 in Armour
  8904 | D:10     | Reached skill level 10 in Shields
  8927 | D:10     | Noticed Snorg
  8940 | D:10     | Killed Snorg
  9182 | D:10     | Found a radiant altar of Vehumet.
  9304 | D:10     | Found a staircase to the Orcish Mines.
  9331 | D:10     | Noticed a two-headed ogre
  9338 | D:10     | Killed a two-headed ogre
  9482 | D:10     | Identified the +0 helmet of Xexingeo {+Blink SInv}
 10252 | D:10     | Reached skill level 14 in Axes
 10381 | Orc:1    | Entered Level 1 of the Orcish Mines
 10381 | Orc:1    | Noticed a two-headed ogre
 10381 | Orc:1    | Found Mauck's Armour Emporium.
 10389 | Orc:1    | Killed a two-headed ogre
 10391 | Orc:1    | Found Xilese's Assorted Antiques.
 10539 | Orc:1    | Found Goittuletz's Armour Emporium.
 10601 | Orc:1    | Bought a scroll labelled HAMEUGGOTH for 25 gold pieces
 10662 | Orc:2    | Entered Level 2 of the Orcish Mines
 10689 | Orc:2    | Found a staircase to the Elven Halls.
 11103 | Orc:2    | Noticed an orc high priest
 11126 | Orc:2    | Killed an orc high priest
 11415 | Orc:2    | Found a runed translucent gate.
 11712 | Orc:2    | Found a runed translucent gate.
 11712 | Orc:2    | Found a runed translucent gate.
 11712 | Orc:2    | Noticed a tengu warrior
 11714 | Orc:2    | Noticed a tengu warrior
 11714 | Orc:2    | Noticed a tengu warrior
 11714 | Orc:2    | Noticed a tengu warrior
 11714 | Orc:2    | Noticed Tinen's ghost (journeyman TrMo)
 11715 | Orc:2    | Noticed a merfolk impaler
 11835 | Orc:2    | Noticed an orc sorcerer
 11850 | Orc:2    | Killed an orc sorcerer
 11851 | Orc:2    | Reached XP level 12. HP: 89/110 MP: 7/11
 11936 | Orc:2    | Noticed Urug
 11968 | Orc:2    | HP: 4/110 [poisoned by Urug]
 11968 | Orc:2    | Slain by Urug

Illustrated notes

Levels and vault maps discovered:
D:1:      grunt_arrival_crossed_arrows, layout_basic
D:2:      minmay_wonky_spiral, layout_loops_ring, basic_altar,
          minmay_box_of_dots
D:3:      wander_river, layout_loops_corners, nicolae_tso_swordbearing_angel,
          serial_shops, nicolae_shop_overgrown_old_shop,
          nicolae_shop_bloodbath_and_beyond, shop, shop, minmay_statues_item,
          minmay_goblin_kobold_house
D:4:      layout_cave_pools, grunt_qazlal_sundering, nicolae_ashenzari_skybound,
          slow_altar_2, minmay_temple_entry_hall, minmay_crystal_room
D:5:      kennysheep_slugbush, layout_loops_ring
D:6:      layout_rooms, elyvilon_altar_1, mainiacjoe_overflow_tiny_flanked,
          mainiacjoe_overflow_catch_the_wave, uniq_maggie
D:7:      layout_layer_cave, kennysheep_little_box,
          gammafunk_ghost_wrathful_warriors
D:8:      layout_loops_corners, david_lair_shrubbed, minmay_door_square
D:9:      layout_loops_ring, kennysheep_mini, grunt_dithmenos_smoke,
          beargit_hepliaklqana_dungeon_heroes, nicolae_ru_path_of_blood
D:10:     wad_cavern_with_rooms, layout_long_grid,
          nicolae_overflow_crystal_walls, minmay_orc_entry_temple_small,
          hex_medium, uniq_snorg
Temple:   nicolae_temple_ecumenical_triangle
Orc:1:    layout_caves, portal_ice_cave_entry_pillars_1, serial_shops, shop,
          shop, shop
Orc:2:    grunt_orc_cross, layout_diamond_mine, gammafunk_ghost_fury_of_okawaru,
          serial_shops, shop

Skill      XL: |  1  2  3  4  5  6  7  8  9 10 11 |
---------------+----------------------------------+-----
Axes           | 3 4 5 6 7 9 11 12 14 | 14.9
Fighting       | 4 5 6 7 8 9 11 | 11.3
Armour         | 4 5 6 7 8 9 11 | 11.2
Shields        | 4 5 6 7 8 9 11 | 11.2

Action                     |  1- 3 |  4- 6 |  7- 9 | 10-12 || total
---------------------------+-------+-------+-------+-------++-------
  Melee: War axe           |    58 |    76 |   214 |   337 ||   685
         Headbutt          |     5 |    10 |    28 |    68 ||   111
 Invoke: Potion Petition   |       |       |       |     1 ||     1
    Use: Scroll            |       |     7 |     6 |     1 ||    14
         Potion            |       |       |       |     2 ||     2
   Stab: Distracted        |       |       |     1 |     3 ||     4
 Armour: Scale mail        |    32 |    41 |    53 |       ||   126
         Plate armour      |       |       |    32 |   113 ||   145
  Dodge: Dodged            |    32 |    50 |    62 |    67 ||   211
  Block: Buckler           |    16 |    18 |    58 |   147 ||   239
         Reflection        |       |       |     2 |     8 ||    10
